 Dungeon Crawl Stone Soup version 0.27-a0-1217-g8a41f320e8 (webtiles) character file.

Game seed: 9404702914618406331

4699 Froggeryz the Cleaver (level 10, -5/81 HPs)
             Began as a Palentonga Gladiator on June 6, 2021.
             Was an Elder of Okawaru.
             Slain by an orc warrior
             ... wielding a +0 short sword
              (15 damage)
             ... on level 8 of the Dungeon.
             The game lasted 00:06:38 (8558 turns).

Froggeryz the Cleaver (Palentonga Gladiator)        Turns: 8558, Time: 00:06:39

Health: -5/81      AC: 16    Str: 21    XL:     10   Next: 21%
Magic:  10/10      EV:  8    Int:  6    God:    Okawaru [****..]
Gold:   367        SH:  0    Dex: 12    Spells: 9/9 levels left

rFire    . . .     SeeInvis +   a - +0 war axe
rCold    . . .     Faith    .   (no shield)
rNeg     . . .     Spirit   .   o - +0 scale mail
rPois    .         Reflect  .   c - +0 helmet
rElec    .         Harm     .   (no cloak)
rCorr    .         Rampage  .   r - +0 pair of gloves
Will     .....                  (no barding)
Stlth    ..........             (no amulet)
HPRegen  0.23/turn              m - +4 ring of slaying
MPRegen  0.12/turn              (no ring)

@: curled up
A: large, rugged brown scales 3, see invisible, deformed body, roll 1, armoured
tail, reflexive curl, stinger 1, dopey 1
a: Rolling Charge, Renounce Religion, Heroism


You were on level 8 of the Dungeon.
You worshipped Okawaru.
Okawaru was greatly pleased with you.
You visited 2 branches of the dungeon, and saw 9 of its levels.

You collected 367 gold pieces.

Inventory:

Hand Weapons
 a - a +0 war axe (weapon)
Missiles
 b - 2 boomerangs of dispersal (quivered)
 d - 3 throwing nets
 k - 4 poisoned darts
Armour
 c - a +0 helmet (worn)
 e - a +0 tower shield
 o - a +0 scale mail (worn)
 r - a +0 pair of gloves (worn)
Jewellery
 m - a +4 ring of slaying (left hand)
Wands
 y - a wand of flame (13)
Scrolls
 f - a scroll of immolation
 p - a scroll of brand weapon
 s - 2 scrolls of enchant weapon
Potions
 g - a potion of flight
 h - a potion of lignification {unknown}
 l - a potion of mutation
 t - a potion of ambrosia {unknown}
 u - a potion of brilliance {unknown}
 v - a potion of attraction {unknown}
 w - a potion of resistance {unknown}


   Skills:
 + Level 6.1 Fighting
 * Level 12.4 Axes
 - Level 1.3 Throwing
 - Level 5.0 Armour
 - Level 2.4 Dodging


You had 9 spell levels left.
You didn't know any spells.
Your spell library contained the following spells:

 Spells                   Type           Power      Damage    Failure   Level
 Bolt of Magma            Conj/Fire/Erth 0%         4d4       100%        5
 Iskenderun's Battlesphe  Conj           0%         2d6       100%        5
 Iron Shot                Conj/Erth      0%         9d1       100%        6
 Orb of Destruction       Conj           0%         N/A       100%        7
 Spellforged Servitor     Conj/Summ      0%         N/A       100%        7


Dungeon Overview and Level Annotations

Branches:
Dungeon (8/15)             Temple (1/1) D:5
   Lair: D:8-11

Altars:
Ashenzari
Cheibriados
Dithmenos
Elyvilon
Fedhas
Gozag
Hepliaklqana
Makhleb
Nemelex Xobeh
Okawaru
Ru
Sif Muna
Trog
Uskayaw
Vehumet
Xom
Yredelemnul
Zin

Shops:
D:5 [

Annotations:
D:4 1 runed translucent door, tape's ghost, amateur GnWr
D:5 2 transporters


Innate Abilities, Weirdness & Mutations

You are completely covered in rugged brown scales. (AC +3, +7% HP)
You have supernaturally acute eyesight. (SInv)
Armour fits poorly on your strangely shaped body.
You can roll at nearby foes to attack.
You have a long armoured tail.
You curl defensively after being hit.
Your tail ends in a poisonous barb.
You are dopey. (Int -2)


Message History

The orc priest hits you but does no damage.
The orc hits you but does no damage. The orc warrior barely misses you.
Your Fighting skill increases to level 6!
You hit the orc priest.
You kill the orc priest!
Okawaru accepts your kill.
You barely miss the orc. You hit the orc warrior. You hit the orc.
The orc closely misses you. The orc barely misses you.
The orc hits you but does no damage.
The orc warrior hits you with a +0 short sword!
You hit the orc.
You kill the orc!
Okawaru accepts your kill.
You hit the orc.
You kill the orc!
Okawaru accepts your kill.
You hit the orc warrior. The orc hits you but does no damage.
You closely miss the orc warrior.
The orc warrior is lightly wounded.
The orc warrior closely misses you. The orc hits you but does no damage.
You hit the orc warrior but do no damage.
The orc warrior is lightly wounded.
The orc warrior hits you with a +0 short sword!
* * * LOW HITPOINT WARNING * * *
The orc barely misses you.
You hit the orc warrior but do no damage.
The orc warrior is lightly wounded.
The orc warrior hits you with a +0 short sword!
* * * LOW HITPOINT WARNING * * *
The orc barely misses you. The orc barely misses you.
There is a stone staircase leading up here.
Okay, then.
You hit the orc warrior.
The orc warrior is moderately wounded.
The orc hits you but does no damage.
You slash the orc warrior!
The orc warrior is severely wounded.
The orc warrior hits you with a +0 short sword!
You die...

#.............
#.#.#....#......
#.#....)........
#.#.# #.).....#
#.#.###.).....#
#.............#
#.........../.#
#...............
#@.o..........##
#o..(.........#
#.............#
#.............#
#.............#
#.............
#.#####......
#.# #####


You could see an orc warrior and an orc.

Vanquished Creatures
  A hornet (D:8)
  8 yaks
  A steam dragon (D:6)
  A water moccasin (D:7)
  A black bear (D:6)
  An ice beast (D:5)
  3 sky beasts
  An orc warrior (D:7)
  4 necrophages
  2 centaurs (D:7)
  A wolf (D:6)
  A phantom (D:6)
  3 bullfrogs
  2 wyvern zombies
  A gnoll sergeant (D:7)
  3 scorpions
  A water moccasin zombie (D:7)
  A water moccasin skeleton (D:5)
  3 centaur zombies
  8 orc priests
  3 gnoll shamans (D:6)
  A centaur skeleton (D:6)
  5 hounds
  2 iguanas
  10 orc wizards
  3 howler monkey zombies (D:7)
  22 gnolls
  6 adders
  A shadow imp (D:4)
  2 white imps
  3 dart slugs
  2 worms
  24 orcs
  4 bats
  3 giant cockroaches
  9 goblins
  5 hobgoblins
  5 jackals
  A quokka (D:4)
  5 ball pythons
  3 frilled lizards
  A kobold (D:3)
  3 rats
  A bush (D:7)
171 creatures vanquished.

Vanquished Creatures (others)
  An iguana (D:6)
  4 bushes (D:7)
  13 plants (D:7)
  6 withered plants (D:2)
24 creatures vanquished.

Grand Total: 195 creatures vanquished

Notes
Turn   | Place    | Note
-------+----------+-------------------------------------------
     0 | D:1      | Froggeryz the Palentonga Gladiator began the quest for the
                  | Orb.
     0 | D:1      | Reached XP level 1. HP: 17/17 MP: 1/1
   651 | D:2      | Reached XP level 2. HP: 15/23 MP: 2/2
   903 | D:2      | Reached skill level 4 in Axes
  1069 | D:2      | Found a faded altar of an unknown god.
  1300 | D:2      | Reached XP level 3. HP: 24/28 MP: 3/3
  1759 | D:3      | Found a hide-covered altar of Uskayaw.
  1816 | D:3      | Noticed a scorpion
  1825 | D:3      | Killed a scorpion
  1826 | D:3      | Reached skill level 1 in Armour
  1826 | D:3      | Reached XP level 4. HP: 34/35 MP: 4/4
  1908 | D:3      | Reached skill level 5 in Axes
  2589 | D:4      | Reached XP level 5. HP: 38/40 MP: 5/5
  2979 | D:4      | Found a runed translucent door.
  2979 | D:4      | Noticed tape's ghost (amateur GnWr)
  3131 | D:4      | Found a snail-covered altar of Cheibriados.
  3133 | D:4      | Found a radiant altar of Vehumet.
  3433 | D:5      | Entered Level 5 of the Dungeon
  3433 | D:5      | Found Sehyrch's Antique Armour Shop.
  3438 | D:5      | Noticed a necrophage
  3444 | D:5      | Killed a necrophage
  3445 | D:5      | Reached skill level 6 in Axes
  3445 | D:5      | Reached XP level 6. HP: 46/47 MP: 6/6
  3454 | D:5      | Found a transporter.
  4068 | D:5      | Reached skill level 7 in Axes
  4068 | D:5      | Gained mutation: You curl defensively after being hit.
                  | [Palentonga growth]
  4068 | D:5      | Reached XP level 7. HP: 52/53 MP: 7/7
  4171 | D:5      | Found a transporter.
  4187 | D:5      | Found a staircase to the Ecumenical Temple.
  4194 | D:5      | Noticed a yak
  4194 | D:5      | Noticed a yak
  4196 | D:5      | Noticed a yak
  4197 | D:5      | Noticed a yak
  4197 | D:5      | Noticed a yak
  4199 | Temple   | Entered the Ecumenical Temple
  4206 | Temple   | Killed a yak
  4348 | Temple   | Became a worshipper of Warmaster Okawaru
  4405 | D:4      | Killed a yak
  4406 | D:4      | Reached skill level 8 in Axes
  4598 | D:5      | Found a sacrificial altar of Ru.
  4713 | D:6      | Reached XP level 8. HP: 51/59 MP: 8/8
  4775 | D:6      | Reached * piety under Okawaru
  4903 | D:6      | Reached skill level 9 in Axes
  5417 | D:6      | Reached skill level 5 in Armour
  5736 | D:6      | Reached ** piety under Okawaru
  5737 | D:6      | Reached skill level 10 in Axes
  6137 | D:6      | Reached XP level 9. HP: 66/66 MP: 9/9
  6856 | D:7      | Reached skill level 11 in Axes
  7172 | D:7      | Reached *** piety under Okawaru
  7174 | D:7      | Gained mutation: You are dopey. (Int -2) [potion of
                  | mutation]
  7174 | D:7      | Gained mutation: Your tail ends in a poisonous barb.
                  | [potion of mutation]
  7507 | D:7      | Reached skill level 5 in Fighting
  7516 | D:7      | Reached **** piety under Okawaru
  7719 | D:7      | Found a blossoming altar of Fedhas.
  7866 | D:7      | Reached skill level 12 in Axes
  7939 | D:7      | Reached XP level 10. HP: 79/79 MP: 10/10
  8403 | D:7      | Received a gift from Okawaru
  8558 | D:8      | Slain by an orc warrior

Illustrated notes

Levels and vault maps discovered:
D:1:      minmay_arrival_plants_in_alcoves, layout_rooms
D:2:      layout_loops_corners, ebering_ecumenical_altar_petrified
D:3:      layout_basic, nicolae_uskayaw_murder_on_the_dancefloor
D:4:      layout_basic, nicolae_overflow_hidden_temple,
          hellmonk_ghost_happy_afterlife
D:5:      gammafunk_steamed_eel, layout_cave_pools, lemuel_doored_altar,
          minmay_temple_entry_wispy, serial_shops, shop
D:6:      layout_cave_pools, serial_gnoll_camp, gnoll_camp_mini_basic,
          gnoll_camp_mini_basic, gnoll_camp_mini_hut, gnoll_camp_mini_doghouse,
          minmay_misc_feat_rugged
D:7:      layout_basic, fedhas_altar_decomposition
D:8:      layout_basic, kennysheep_generic_room_8
Temple:   nicolae_temple_god_jail

Skill      XL: |  1  2  3  4  5  6  7  8  9 10 |
---------------+-------------------------------+-----
Axes           | 4 5 6 7 8 10 12 | 12.4
Armour         | 1 2 3 4 5 |  5.0
Fighting       | 5 6 |  6.1
Throwing       | |  1.3
Dodging        | |  2.4

Action                   |  1- 3 |  4- 6 |  7- 9 | 10-12 || total
-------------------------+-------+-------+-------+-------++-------
Melee: War axe           |    63 |    90 |   212 |    59 ||   424
       Tailslap          |     6 |    10 |    36 |     7 ||    59
Throw: Boomerang         |       |       |       |     2 ||     2
  Use: Scroll            |     1 |     1 |     7 |       ||     9
       Potion            |     1 |       |     3 |     2 ||     6
Armor: Leather armour    |    18 |       |       |       ||    18
       Scale mail        |    14 |    57 |   148 |    43 ||   262
Dodge: Dodged            |    37 |    36 |    94 |    32 ||   199

Table legend: (Time is in decaauts)
 A = Elapsed time spent in this place.
 B = Non-inter-level travel time spent in this place.
 C = Inter-level travel time spent in this place.
 D = Time resting spent in this place.
 E = Time spent auto-exploring this place.
 F = Levels seen in this place.
 G = Mean time per level.
                   A        B        C        D        E       F      G
               +--------+--------+--------+--------+--------+-----+--------+
         Total |   8578 |   8348 |    230 |   1514 |   5778 |   9 |  953.1 |
       Dungeon |   8409 |   8202 |    207 |   1514 |   5643 |   8 | 1051.1 |
        Temple |    168 |    145 |     23 |      0 |    135 |   1 |  168.0 |
               +--------+--------+--------+--------+--------+-----+--------+

Top non-repeatable levels by time:
     D:7: 2038 daAuts
     D:6: 1621 daAuts
     D:5: 1226 daAuts
     D:2: 1122 daAuts
     D:3: 1029 daAuts
     D:4: 800 daAuts
     D:1: 538 daAuts
  Temple: 168 daAuts
     D:8: 33 daAuts
